 Dungeon Crawl Stone Soup version 0.26-a0-259-g1effd001a9 (webtiles) character file.

Game seed: 5833476331215183472

326 Apogee the Chopper (level 6, -2/56 HPs)
             Began as a Hill Orc Abyssal Knight on July 14, 2020.
             Was a Believer of Lugonu.
             Killed by divine providence
             ... invoked by an orc priest
              (11 damage)
             ... on level 5 of the Dungeon.
             The game lasted 00:05:37 (3559 turns).

Apogee the Chopper (Hill Orc Abyssal Knight)        Turns: 3559, Time: 00:05:37

Health: -2/56      AC: 10    Str: 17    XL:     6   Next: 49%
Magic:  7/7        EV:  7    Int: 12    God:    Lugonu [**....]
Gold:   199        SH:  0    Dex: 10    Spells: 5/5 levels left

rFire    . . .     SeeInvis .   o - +4 hand axe (drain)
rCold    . . .     Faith    .   (no shield)
rNeg     + . .     Spirit   .   h - +0 chain mail
rPois    .         Reflect  .   m - +2 hat
rElec    .         Harm     .   (no cloak)
rCorr    .                      (no gloves)
MR       .....                  (no boots)
Stlth    ..........             (no amulet)
HPRegen  0.18/turn              (no ring)
MPRegen  0.10/turn              j - ring of positive energy

@: no status effects
A: no striking features
a: Depart the Abyss, Bend Space, Renounce Religion, Convert to Beogh


You were on level 5 of the Dungeon.
You worshipped Lugonu.
Lugonu was pleased with you.
You were not hungry.

You visited 1 branch of the dungeon, and saw 5 of its levels.
You visited the Abyss 1 time.

You collected 199 gold pieces.

Inventory:

Hand Weapons
 a - a +2 hand axe
 o - a +4 hand axe of draining (weapon)
Missiles
 n - 66 stones (quivered)
Armour
 b - a +0 leather armour
 h - a +0 chain mail (worn)
 m - a +2 hat (worn)
 w - a +0 kite shield
Jewellery
 d - an uncursed ring of wizardry
 j - a ring of positive energy (right hand)
 q - an uncursed ring of teleportation
 t - an uncursed ring of poison resistance {unknown}
 u - an uncursed amulet of regeneration {unknown}
Wands
 p - a wand of digging (6)
Scrolls
 s - a scroll of enchant armour
 v - 2 scrolls of teleportation {unknown}
 x - a scroll of fog {unknown}
 y - a scroll of amnesia
Potions
 e - 4 potions of curing
 f - a potion of flight {unknown}
 g - 3 potions of stabbing {unknown}
 i - 2 potions of degeneration {unknown}
 k - a potion of brilliance {unknown}
 l - 3 potions of haste {unknown}
 r - a potion of cancellation {unknown}
Comestibles
 c - 7 rations


   Skills:
 + Level 5.4 Fighting
 * Level 7.5 Axes
 - Level 2.3 Armour
 - Level 0.7 Dodging
 - Level 2.4 Invocations


You had 5 spell levels left.
You didn't know any spells.
Your spell library contained the following spells:

 Spells                   Type           Power        Failure   Level
 Corona                   Hex            #......      99%         1
 Ensorcelled Hibernation  Hex/Ice        #.....       100%        2
 Confusing Touch          Hex            #.......     100%        3
 Dazzling Flash           Conj/Hex       #.....       100%        3
 Tukima's Dance           Hex            #.......     100%        3


Dungeon Overview and Level Annotations

Branches:
Dungeon (5/15)
 Temple: D:4-7

Altars:
Cheibriados
Hepliaklqana
Yredelemnul
The Shining One

Shops:
D:4 %


Message History

You are too injured to fight recklessly!
You are too injured to fight recklessly!
You are too injured to fight recklessly!
You are too injured to fight recklessly!
You are too injured to fight recklessly!
You are too injured to fight recklessly!
Unknown command.
The orc priest threatens, "By the altar or by the axe, you will meet Beogh!"
You hit the orc. You drain the orc.
You kill the orc!
Lugonu accepts your kill.
You closely miss the orc priest.
The orc priest mumbles some strange prayers to Beogh against you.
Beogh smites you!
The orc priest calls down the wrath of Beogh upon you.
Beogh smites you!
* * * LOW HITPOINT WARNING * * *
The orc priest calls down the wrath of Beogh upon you.
Beogh smites you!
You die...

#################
..........#.....#
........#..<....#
........#######.#
........+
........########
................
########@...###
#o...# +.)...#
#.o...# #.....#
#....[# #.o...#
....... #.....##


You could see 3 orc priests.

Vanquished Creatures
  A howler monkey (D:2)
  An orc priest (D:3)
  A hound (D:4)
  Terence (D:3)
  2 worker ants (D:4)
  3 gnolls (D:4)
  5 adders (D:2)
  2 oozes
  A dart slug (D:1)
  A worm (D:2)
  A leopard gecko (D:2)
  5 orcs
  12 bats
  4 giant cockroaches
  3 goblins
  7 hobgoblins
  2 jackals (D:2)
  10 kobolds
  3 quokkas
  7 frilled lizards
  8 rats
80 creatures vanquished.

Notes
Turn   | Place    | Note
-------+----------+-------------------------------------------
     0 | Abyss:1  | Apogee the Hill Orc Abyssal Knight began the quest for the
                  | Orb.
     0 | Abyss:1  | Reached XP level 1. HP: 19/19 MP: 2/2
     7 | D:1      | Escaped the Abyss
    75 | D:1      | Reached XP level 2. HP: 26/27 MP: 3/3
   118 | D:1      | Reached skill level 3 in Axes
   719 | D:2      | Reached ** piety under Lugonu
   727 | D:2      | Reached XP level 3. HP: 34/34 MP: 4/4
  1160 | D:2      | Reached skill level 4 in Axes
  1202 | D:2      | Reached XP level 4. HP: 29/41 MP: 5/5
  1477 | D:2      | Reached skill level 5 in Fighting
  1477 | D:2      | Reached skill level 5 in Axes
  1609 | D:3      | Reached XP level 5. HP: 40/48 MP: 6/6
  1816 | D:2      | You fall into a shaft and drop 2 floors!
  1979 | D:3      | Noticed Terence
  1988 | D:3      | Killed Terence
  1988 | D:3      | Reached skill level 6 in Axes
  2550 | D:3      | Reached XP level 6. HP: 56/56 MP: 7/7
  3034 | D:4      | Reached skill level 7 in Axes
  3330 | D:4      | Found a hazy altar of Hepliaklqana.
  3390 | D:4      | Found a basalt altar of Yredelemnul.
  3391 | D:4      | Found a snail-covered altar of Cheibriados.
  3391 | D:4      | Found a glowing golden altar of the Shining One.
  3490 | D:4      | Found Yrghah Keji's Food Shoppe.
  3546 | D:5      | Entered Level 5 of the Dungeon
  3559 | D:5      | Killed from afar by an orc priest

Illustrated notes

Levels and vault maps discovered:
D:1:      lemuel_arrival_hallway, layout_loops_cross
D:2:      layout_rooms
D:3:      layout_loops_cross, uniq_terence
D:4:      layout_cave_pools, chequers_temple_overflow_statue_of_worship,
          serial_shops, kennysheep_little_box, serial_bayou,
          serial_bayou_lagoon_b, serial_bayou_pond_a, serial_bayou_pond_a,
          serial_bayou_lagoon_a, serial_bayou_pond_d, serial_bayou_pond_d
D:5:      layout_basic, lemuel_coloured_pillars_altar, first_ration,
          uniq_grinder

Skill      XL: |  1  2  3  4  5  6 |
---------------+-------------------+-----
Fighting       | 4 5 |  5.4
Axes           | 3 4 5 6 7 |  7.5
Armour         | |  2.3
Dodging        | |  0.7
Invocations    | |  2.4

Action                   |  1- 3 |  4- 6 || total
-------------------------+-------+-------++-------
Melee: Hand axe          |    98 |   185 ||   283
  Use: Scroll            |       |     7 ||     7
  Eat: Ration            |     1 |     2 ||     3
Armor: Leather armour    |     8 |       ||     8
       Chain mail        |    66 |   148 ||   214
Dodge: Dodged            |    56 |    62 ||   118

Table legend:
 A = Non-vault XP
 B = Vault XP
 C = Vault XP percentage of total XP
 D = Non-vault monster count
 E = Vault monster count
 F = Vault count percentage of total count
                 A         B        C        D         E       F
            +---------+---------+-------+---------+---------+-------
      Total |     431 |      36 |   7.7 |      79 |       1 |   1.2
            +---------+---------+-------+---------+---------+-------
        D:1 |      26 |       0 |   0.0 |      15 |       0 |   0.0
        D:2 |     169 |       0 |   0.0 |      33 |       0 |   0.0
        D:3 |      75 |      36 |  32.4 |      19 |       1 |   5.0
        D:4 |     158 |       0 |   0.0 |      11 |       0 |   0.0
        D:5 |       3 |       0 |   0.0 |       1 |       0 |   0.0
            +---------+---------+-------+---------+---------+-------
